 Dungeon Crawl Stone Soup version 0.26-a0-812-g31a745ddcd (webtiles) character file.

Game seed: 7745390972950738862

1353 Borgoz the Covered (level 8, -6/56 HPs)
             Began as a Halfling Fighter on Dec 7, 2020.
             Mangled by an ogre
             ... wielding a +0 giant spiked club
              (9 damage)
             ... on level 6 of the Dungeon.
             The game lasted 00:08:07 (6463 turns).

Borgoz the Covered (Halfling Fighter)               Turns: 6463, Time: 00:08:08

Health: -6/56      AC: 10    Str: 17    XL:     8   Next: 95%
Magic:  8/8        EV: 10    Int:  6    God:
Gold:   432        SH: 10    Dex: 16    Spells: 7/7 levels left

rFire    . . .     SeeInvis .   b - +0 falchion (flame)
rCold    . . .     Faith    .   c - +0 kite shield
rNeg     . . .     Spirit   .   i - +0 scale mail
rPois    +         Reflect  .   u - +0 helmet
rElec    .         Harm     .   l - +1 cloak
rCorr    .         Rampage  .   (no gloves)
MR       .....                  (no boots)
Stlth    ..........             (no amulet)
HPRegen  0.18/turn              g - ring of poison resistance
MPRegen  0.11/turn              (no ring)

@: mighty, heavily drained
A: small, mutation resistance 1
a: no special abilities


You were on level 6 of the Dungeon.
You visited 1 branch of the dungeon, and saw 6 of its levels.
You also visited: Sewer.

You collected 432 gold pieces.

Inventory:

Hand Weapons
 a - a +1 rapier
 b - a +0 falchion of flaming (weapon)
Armour
 c - a +0 kite shield (worn)
 i - a +0 scale mail (worn)
 l - a +1 cloak (worn)
 u - a +0 helmet (worn)
Jewellery
 g - a ring of poison resistance (left hand)
 n - an uncursed ring of fire
Wands
 q - a wand of flame (29)
 w - a wand of polymorph (10)
Scrolls
 j - 2 scrolls of enchant weapon
 k - 3 scrolls of remove curse
 o - a scroll of magic mapping
 y - a scroll of identify
Potions
 e - 3 potions of flight
 f - a potion of haste
 h - a potion of mutation
 m - a potion of heal wounds {unknown}
 r - a potion of degeneration {unknown}
 s - a potion of cancellation {unknown}
 t - a potion of attraction {unknown}
 v - a potion of magic {unknown}
 x - a potion of brilliance {unknown}


   Skills:
 * Level 5.5(4.2) Fighting
 * Level 6.4(5.0) Short Blades
 * Level 6.5(5.1) Armour
 + Level 3.7(2.4) Dodging
 - Level 5.0(3.6) Shields


You had 7 spell levels left.
You didn't know any spells.
Your spell library contained the following spells:

 Spells                   Type           Power        Failure   Level
 Magic Dart               Conj           #...         100%        1
 Searing Ray              Conj           #.....       100%        2
 Dazzling Flash           Conj/Hex       #.....       100%        3
 Fulminant Prism          Conj/Hex       #.........   100%        4
 Iskenderun's Mystic Bla  Conj/Tloc      #.......     100%        4


Dungeon Overview and Level Annotations

Branches:
Dungeon (6/15)              Sewer (visited)
 Temple: D:4-7

Altars:
Ashenzari
Cheibriados
Makhleb
Okawaru
Uskayaw


Innate Abilities, Weirdness & Mutations

You are small and have problems with some larger weapons.
You are somewhat resistant to further mutation.


Message History

Okay, then.
Okay, then.
You slash the ogre! You burn the ogre.
The ogre is heavily wounded.
You block the ogre's attack.
You hit the ogre. You burn the ogre.
The ogre is severely wounded.
The ogre barely misses you.
You hit the ogre. You burn the ogre.
The ogre is almost dead.
The ogre barely misses you.
The wight hits you from afar with a +0 spear.
* * * LOW HITPOINT WARNING * * *
You feel drained.
* * * LOW HITPOINT WARNING * * *
You barely miss the ogre.
The ogre is almost dead.
The wight closely misses you.
The ogre hits you with a +0 giant spiked club!
You die...

#.........#.##
#.......##.##
##.....###.#
##...## #.# # ##'##
#.. #. #.# ### #..
#.#
#...##########)##
#..zzO@.........##
#.#.####.........#
# #.###.....#
#.##......######
#.#.............
#..(......รท#####
#.#..>....##
#.##......#
#########^###...#.#


You could see an ogre and 2 wights.

Vanquished Creatures
  Sigmund (D:6)
  An ice beast (D:5)
  An ogre (D:5)
  A centaur (D:5)
  A necrophage (D:5)
  A big kobold (Sewer)
  A bullfrog (D:6)
  A scorpion (D:4)
  A wight (D:6)
  A howler monkey (D:5)
  2 orc priests
  Crazy Yiuf (D:5)
  A hound (D:4)
  An iguana (D:5)
  4 orc wizards
  3 worker ants
  A hound skeleton (D:4)
  2 worker ant zombies (D:5)
  6 adders
  A river rat (Sewer)
  A shadow imp (D:5)
  A white imp (D:5)
  3 ufetubi (D:6)
  3 oozes
  4 worms
  4 dart slugs
  5 leopard geckos
  7 orcs
  13 giant cockroaches
  2 hobgoblins
  9 jackals
  8 kobolds
  A quokka (D:2)
  11 bats
  7 frilled lizards
  5 goblins
  A quokka skeleton (D:5)
  11 rats
128 creatures vanquished.

Notes
Turn   | Place    | Note
-------+----------+-------------------------------------------
     0 | D:1      | Borgoz the Halfling Fighter began the quest for the Orb.
     0 | D:1      | Reached XP level 1. HP: 15/15 MP: 1/1
    59 | D:1      | Reached XP level 2. HP: 4/20 MP: 2/2
   328 | D:1      | You fall into a shaft and drop 1 floor!
   829 | D:2      | Reached XP level 3. HP: 26/26 MP: 3/3
  1026 | D:2      | Reached skill level 1 in Dodging
  1126 | D:2      | Reached XP level 4. HP: 31/31 MP: 4/4
  2129 | D:3      | Reached XP level 5. HP: 30/36 MP: 5/5
  2203 | D:3      | Found a glowing drain.
  2225 | Sewer    | Entered a sewer
  2336 | Sewer    | Noticed a big kobold
  2379 | Sewer    | Killed a big kobold
  2379 | Sewer    | Reached XP level 6. HP: 35/43 MP: 6/6
  2449 | Sewer    | Found a glowing silver altar of Zin.
  3462 | D:4      | Found a broken altar of Ashenzari.
  3559 | D:4      | Reached skill level 5 in Armour
  3559 | D:4      | Reached XP level 7. HP: 10/48 MP: 7/7
  3799 | D:4      | Found a burning altar of Makhleb.
  3836 | D:4      | Found a snail-covered altar of Cheibriados.
  4341 | D:5      | Entered Level 5 of the Dungeon
  4504 | D:5      | Reached skill level 5 in Short Blades
  4673 | D:5      | Found a runed translucent door.
  4675 | D:5      | Noticed Crazy Yiuf
  4819 | D:5      | Reached XP level 8. HP: 43/54 MP: 8/8
  4838 | D:5      | Found an iron altar of Okawaru.
  5093 | D:5      | Reached skill level 5 in Fighting
  5136 | D:5      | Noticed a +0 hand axe
  5137 | D:5      | Found a hide-covered altar of Uskayaw.
  5137 | D:5      | Noticed a +0 dagger
  5402 | D:5      | Killed Crazy Yiuf
  6082 | D:6      | Noticed Sigmund
  6094 | D:6      | Killed Sigmund
  6125 | D:6      | Reached skill level 5 in Shields
  6456 | D:6      | HP: 1/55 [wight/+0 spear (5)]
  6462 | D:6      | HP: 2/56 [wight/+0 spear (1)]
  6463 | D:6      | Mangled by an ogre

Illustrated notes

Levels and vault maps discovered:
D:1:      minmay_arrival_nine_rooms, layout_rooms
D:2:      layout_loops_corners, minmay_pentomino_p2
D:3:      layout_basic, gup_sewer_entry_pipe
D:4:      minmay_general_purpose_star, layout_basic, lemuel_doored_altar,
          kennysheep_slug_shrine, cheibrodos_ashenzari_chains
D:5:      layout_loops_ring, okawaru_ov_weapons_minmay, dancing_weapons_uskayaw,
          uniq_crazy_yiuf_cottage
D:6:      layout_loops_corners, uniq_sigmund

Skill      XL: |  1  2  3  4  5  6  7  8 |
---------------+-------------------------+-----
Fighting       | 3 4 5 |  5.5
Short Blades   | 3 4 5 6 |  6.4
Dodging        | 1 2 3 |  3.7
Armour         | 4 5 6 |  6.5
Shields        | 4 5 |  5.0

Action                   |  1- 3 |  4- 6 |  7- 9 || total
-------------------------+-------+-------+-------++-------
Melee: Rapier            |   111 |   214 |       ||   325
       Falchion          |       |    68 |   197 ||   265
Evoke: Wand              |       |       |     2 ||     2
  Use: Scroll            |     3 |     3 |     6 ||    12
       Potion            |       |     2 |     5 ||     7
Armor: Scale mail        |    54 |    99 |    79 ||   232
       Skin              |       |       |     1 ||     1
Dodge: Dodged            |    36 |    85 |   117 ||   238
Block: Kite shield       |    54 |   143 |   101 ||   298
       Rpst.: Falchion   |       |     5 |    29 ||    34

Table legend: (Time is in decaauts)
 A = Elapsed time spent in this place.
 B = Non-inter-level travel time spent in this place.
 C = Inter-level travel time spent in this place.
 D = Time resting spent in this place.
 E = Time spent auto-exploring this place.
 F = Levels seen in this place.
 G = Mean time per level.
                   A        B        C        D        E       F      G
               +--------+--------+--------+--------+--------+-----+--------+
         Total |   6597 |   6466 |    131 |   1416 |   3813 |   7 |  942.4 |
       Dungeon |   6303 |   6172 |    131 |   1323 |   3699 |   6 | 1050.5 |
         Sewer |    294 |    294 |      0 |     93 |    113 |   1 |  294.0 |
               +--------+--------+--------+--------+--------+-----+--------+

Top non-repeatable levels by time:
     D:2: 1284 daAuts
     D:4: 1093 daAuts
     D:3: 1087 daAuts
     D:5: 1072 daAuts
     D:6: 972 daAuts
     D:1: 792 daAuts
   Sewer: 294 daAuts
